 Dungeon Crawl Stone Soup version 0.29-a0-1033-gb6c65ffae6 (webtiles) character file.

Game seed: 787434925722966169

97 Zonian the Grave Robber (level 4, -3/28 (30) HPs)
             Began as a Demonspawn Necromancer on Aug 14, 2022.
             Slain by a hell rat (11 damage)
             ... in a sewer.
             The game lasted 00:06:58 (3034 turns).

Zonian the Grave Robber (Demonspawn Necromancer)    Turns: 3034, Time: 00:06:59

HP:   -3/28 (30)    AC:  8    Str:  8    XL:     4   Next: 42%
MP:   8/8           EV: 12    Int: 19    God:
Gold: 117           SH:  0    Dex: 13    Spells: 8/9 levels left

rFire   . . .      SeeInvis .   e - +0 dagger
rCold   . . .      Faith    .   (no shield)
rNeg    . . .      Spirit   .   k - +2 robe {Will+}
rPois   .          Reflect  .   (no helmet)
rElec   .          Harm     .   (no cloak)
rCorr   .          Rampage  .   (no gloves)
Will    +....                   (boots unavailable)
Stlth   ++........              (no amulet)
HPRegen 0.09/turn               n - +4 ring of protection
MPRegen 0.11/turn               (no ring)

@: drained
A: hooves 3, powered by death 1, sturdy frame 1
a: no special abilities


You were in a sewer.
You visited 1 branch of the dungeon, and saw 3 of its levels.
You also visited: Sewer.

You collected 117 gold pieces.

Inventory:

Hand Weapons
 b - a +0 sling
 e - a +0 dagger (weapon)
 g - a +0 short sword
Armour
 a - a +0 robe
 k - a +2 robe of willpower (worn)
Jewellery
 n - a +4 ring of protection (left hand)
Scrolls
 d - a scroll of immolation {unknown}
 i - a scroll of brand weapon {unknown}
 m - a scroll of magic mapping
 p - a scroll of enchant armour {unknown}
Potions
 c - a potion of resistance
 j - a potion of degeneration {unknown}


   Skills:
 - Level 2.0 Dodging
 - Level 2.0 Stealth
 + Level 3.2 Spellcasting
 + Level 5.4 Necromancy


You had 8 spell levels left.
You knew the following spells:

 Your Spells              Type           Power      Damage    Failure   Level
a - Necrotise             Necr           92%        1d8       1%          1

Your spell library contained the following spells:

 Spells                   Type           Power      Damage    Failure   Level
 Vampiric Draining        Necr           23%        2d7       4%          3
 Animate Dead             Necr           23%        N/A       16%         4
 Agony                    Necr           23%        N/A       41%         5


Dungeon Overview and Level Annotations

Branches:
Dungeon (3/15)              Sewer (1/1)

Altars:
Cheibriados


Innate Abilities, Weirdness & Mutations

You have hooves in place of feet.
You regenerate a little health from kills.
Your movements are slightly less encumbered by armour. (ER -2)


Message History

You feel better.
Your rat skeleton bites the hell rat but does no damage.
The hell rat splashes around in the water.
Your rat skeleton bites the hell rat but does no damage.
It was a potion of mutation.
You feel extremely strange.
You occasionally lose the ability to drink potions when taking damage.
You no longer become unable to drink potions after taking damage.
You feel less encumbered by your armour.
Your feet have mutated into hooves.
The hell rat bites your rat skeleton!
Your rat skeleton is destroyed!
Your rat skeleton bites the hell rat but does no damage.
n - a +4 ring of protection (left hand)
You closely miss the hell rat. Your kick misses the hell rat.
The hell rat is lightly wounded.
Your rat skeleton splashes around in the water.
You hit the hell rat but do no damage. Your kick misses the hell rat.
The hell rat is lightly wounded.
The hell rat twitches its whiskers.
The hell rat barely misses you.
Your rat skeleton splashes around in the water.
The hell rat splashes around in the water.
You hit the hell rat but do no damage. You kick the hell rat!
The hell rat is heavily wounded.
The hell rat bites you!
* * * LOW HITPOINT WARNING * * *
You feel drained.
* * * LOW HITPOINT WARNING * * *
You feel better.
Your rat skeleton misses the hell rat.
The hell rat splashes around in the water.
You hit the hell rat.
You kick the hell rat, but do no damage.
The hell rat is severely wounded.
The hell rat barely misses you.
Your rat skeleton closely misses the hell rat.
You hit the hell rat but do no damage.
You kick the hell rat, but do no damage.
The hell rat is severely wounded.
The hell rat bites you!
You die...

#########
###~~..~.~###
#~~~....~~~~###
.~..~##@##.~.~.#
##~.~ #Zr.###.~~##
#~. #~~~~~~.##.~~#
#..~#~..~~~~~.#†~.#
#~.~##~!????.##.~~#
#~..###?∩?###.~~##
#.....#####~...~#
#..~~~∩~.~.~###
#..~∩~..###


You could see a hell rat (ally target) and a friendly rat skeleton.

Vanquished Creatures
  2 adders (D:3)
  4 dart slugs
  3 endoplasms
  3 giant cockroaches (D:1)
  3 goblins
  4 hobgoblins (D:2)
  2 jackals (D:1)
  2 quokkas
  4 ball pythons
  3 bats
  A frilled lizard (D:2)
  9 kobolds
  6 rats
46 creatures vanquished.

Vanquished Creatures (collateral kills)
  A river rat (Sewer)
  An adder (D:2)
  2 ball pythons
  An endoplasm (D:3)
  A kobold (D:1)
6 creatures vanquished.

Grand Total: 52 creatures vanquished

Notes
Turn   | Place    | Note
-------+----------+-------------------------------------------
     0 | D:1      | Zonian the Demonspawn Necromancer began the quest for the
                  | Orb.
     0 | D:1      | Reached XP level 1. HP: 13/13 MP: 3/3
   483 | D:1      | Found a faded altar of an unknown god.
   524 | D:1      | Gained mutation: You have large cloven feet. [demonic
                  | ancestry]
   524 | D:1      | Reached XP level 2. HP: 19/19 MP: 3/5
  1524 | D:2      | Gained mutation: You regenerate a little health from kills.
                  | [demonic ancestry]
  1524 | D:2      | Reached XP level 3. HP: 24/24 MP: 3/6
  2176 | D:2      | Reached skill level 5 in Necromancy
  2686 | D:3      | Found a glowing drain.
  2720 | D:3      | Found a snail-covered altar of Cheibriados.
  2770 | D:3      | Gained mutation: You have hoof-like feet. [demonic
                  | ancestry]
  2770 | D:3      | Reached XP level 4. HP: 23/30 MP: 4/8
  2889 | Sewer    | Entered a sewer
  3027 | Sewer    | Gained mutation: You occasionally lose the ability to drink
                  | potions when taking damage. [potion of mutation]
  3027 | Sewer    | Lost mutation: You occasionally lose the ability to drink
                  | potions when taking damage. [potion of mutation]
  3027 | Sewer    | Gained mutation: Your movements are slightly less
                  | encumbered by armour. (ER -2) [potion of mutation]
  3027 | Sewer    | Gained mutation: You have hooves in place of feet. [potion
                  | of mutation]
  3034 | Sewer    | Slain by a hell rat

Illustrated notes

Levels and vault maps discovered:
D:1:      sevenhm_arrival_forest_fort_large_2, layout_basic,
          hellmonk_ecumenical_altar_dog_temple, grunt_decor_cap,
          minmay_crystal_room
D:2:      layout_loops_ring
D:3:      layout_basic, mainiacjoe_overflow_six_doors_small,
          mainiacjoe_overflow_surrounded_room,
          lemuel_zombie_altar_kikubaaqudgha, gup_sewer_entry_glass, uniq_natasha
Sewer:    sewer_hellmonk_bad_rat

Skill      XL: |  1  2  3 |
---------------+----------+-----
Stealth        | 2 |  2.0
Dodging        | 2 |  2.0
Necromancy     | 5 |  5.4
Spellcasting   | 3 |  3.2

Action                   |  1- 3 |  4- 6 || total
-------------------------+-------+-------++-------
Melee: Unarmed           |     5 |       ||     5
       Dagger            |    33 |    25 ||    58
       Kick              |     6 |     5 ||    11
 Cast: Necrotise         |    68 |    12 ||    80
  Use: Potion            |     1 |     3 ||     4
       Scroll            |     7 |       ||     7
 Stab: Sleeping          |     1 |       ||     1
Armor: Robe              |    13 |     7 ||    20
Dodge: Dodged            |    42 |    16 ||    58

Table legend: (Time is in decaauts)
 A = Elapsed time spent in this place.
 B = Non-inter-level travel time spent in this place.
 C = Inter-level travel time spent in this place.
 D = Time resting spent in this place.
 E = Time spent auto-exploring this place.
 F = Levels seen in this place.
 G = Mean time per level.
                   A        B        C        D        E       F      G
               +--------+--------+--------+--------+--------+-----+--------+
         Total |   3041 |   2966 |     75 |    784 |   1576 |   4 |  760.2 |
       Dungeon |   2889 |   2814 |     75 |    710 |   1576 |   3 |  963.0 |
         Sewer |    151 |    151 |      0 |     74 |      0 |   1 |  151.0 |
               +--------+--------+--------+--------+--------+-----+--------+

Top non-repeatable levels by time:
     D:1: 1472 daAuts
     D:2: 1213 daAuts
     D:3: 203 daAuts
   Sewer: 151 daAuts
